 Dungeon Crawl Stone Soup version 0.25.1-8-g42b30a86e7 (webtiles) character file.

Game seed: 12772108730078112342

11413 pokeman the Thaumaturge (level 11, -2/61 HPs)
             Began as a Deep Elf Wizard on Dec 17, 2020.
             Was an Elder of Vehumet.
             Slain by a white ugly thing (18 damage)
             ... on level 12 of the Dungeon.
             The game lasted 00:46:24 (15571 turns).

pokeman the Thaumaturge (Deep Elf Wizard)          Turns: 15571, Time: 00:46:25

Health: -2/61      AC: 11    Str:  4    XL:     11   Next: 49%
Magic:  4/31       EV: 16    Int: 27    God:    Vehumet [****..]
Gold:   755        SH:  0    Dex: 13    Spells: 27/39 levels left

rFire    . . .     SeeInvis .   D - +1 dagger (venom)
rCold    . . .     Gourm    .   (no shield)
rNeg     . . .     Faith    .   e - +0 troll leather armour
rPois    .         Spirit   .   b - +0 hat
rElec    .         Reflect  .   j - +1 cloak
rCorr    .         Harm     .   p - +2 pair of gloves
MR       ++...                  V - +0 pair of boots
Stlth    ++........             F - amulet of the acrobat
HPRegen  0.60/turn              s - +4 ring of evasion
MPRegen  0.22/turn              i - ring of protection from magic

@: very slightly contaminated
A: no striking features
a: Renounce Religion


You were on level 12 of the Dungeon.
You worshipped Vehumet.
Vehumet was greatly pleased with you.
You were not hungry.

You visited 2 branches of the dungeon, and saw 13 of its levels.
You also visited: Sewer.

You collected 821 gold pieces.
You spent 66 gold pieces at shops.

Inventory:

Hand Weapons
 D - a +1 dagger of venom (weapon)
 J - a +0 shortbow
Missiles
 c - 26 bolts
 n - 9 curare-tipped darts (quivered)
 K - 136 arrows
Armour
 b - a +0 hat (worn)
 e - a +0 troll leather armour (worn)
 j - a +1 cloak (worn)
 p - a +2 pair of gloves (worn)
 V - a +0 pair of boots (worn)
Jewellery
 a - an uncursed amulet of faith
 i - a ring of protection from magic (right hand)
 s - a +4 ring of evasion (left hand)
 F - an amulet of the acrobat (around neck)
 H - an uncursed ring of flight
Wands
 U - a wand of iceblast (9)
Scrolls
 l - 12 scrolls of teleportation
 w - 4 scrolls of remove curse
 x - 2 scrolls of blinking {unknown}
 y - 3 scrolls of magic mapping
 z - 2 scrolls of amnesia {unknown}
 B - a scroll of fear {unknown}
 M - a scroll of brand weapon {unknown}
 R - a scroll of noise {unknown}
 X - a scroll of summoning {unknown}
 Y - a scroll of torment {unknown}
Potions
 h - 4 potions of magic
 k - a potion of berserk rage
 u - 7 potions of heal wounds
 v - 2 potions of curing
 I - a potion of haste {unknown}
 O - 2 potions of cancellation {unknown}
 P - a potion of ambrosia {unknown}
 S - 3 potions of mutation {unknown}
Comestibles
 d - 18 rations
 f - 2 chunks of flesh


   Skills:
 - Level 4.0 Fighting
 + Level 4.9 Armour
 - Level 3.0 Dodging
 - Level 3.0 Stealth
 * Level 14.9 Spellcasting
 + Level 9.0 Conjurations
 - Level 1.1 Summonings
 - Level 1.1 Translocations
 + Level 8.4 Fire Magic
 - Level 1.0 Air Magic
 - Level 2.0 Poison Magic
 - Level 2.0 Evocations


You had 27 spell levels left.
You knew the following spells:

 Your Spells              Type           Power        Failure   Level  Hunger
a - Magic Dart            Conj           ####         1%          1    None
b - Mephitic Cloud        Conj/Pois/Air  #####...     1%          3    None
c - Call Imp              Summ           ####....     4%          2    None
d - Blink                 Tloc           N/A          4%          2    None
e - Conjure Flame         Conj/Fire      ######..     1%          3    None
f - Foxfire               Conj/Fire      ####         1%          1    None

Your spell library contained the following spells:

 Spells                   Type           Power        Failure   Level  Hunger
 Hailstorm                Conj/Ice       #####...     1%          4    None
 Dazzling Flash           Conj/Hex       #####.       1%          3    None
 Ignite Poison            Fire/Tmut/Pois #####...     1%          3    None
 Sting                    Tmut/Pois      ####         3%          1    None
 Poisonous Vapours        Pois/Air       ####..       3%          2    None
 Corona                   Hex            ###....      4%          1    None
 Olgreb's Toxic Radiance  Pois           ####....     5%          4    None
 Ensorcelled Hibernation  Hex/Ice        ###...       7%          2    None
 Slow                     Hex            ###.....     7%          2    None
 Confusing Touch          Hex            ###.....     13%         3    None
 Tukima's Dance           Hex            ###.....     13%         3    None


Dungeon Overview and Level Annotations

Branches:
Dungeon (12/15)            Temple (1/1) D:6            Lair (0/6) D:8
    Orc (0/2) D:11          Sewer (visited)

Altars:
Cheibriados
Elyvilon
Gozag
Hepliaklqana
Kikubaaqudgha
Makhleb
Nemelex Xobeh
Qazlal
Sif Muna
Uskayaw
Vehumet

Shops:
D:10 *   D:11 ?*!

Annotations:
D:8 2 transporters, tsbored's ghost, novice TrHu


Message History

The white ugly thing is moderately wounded.
The white ugly thing is engulfed in noxious fumes.
Casting: Mephitic Cloud (safe; 1% risk of failure)
Confirm with . or Enter, or press ? or * to list all spells.
Aiming: Mephitic Cloud (safe; 1% risk of failure)
Press: ? - help, Shift-Dir - straight line, f/p - white ugly thing
Aim: a white ugly thing (heavily wounded)
The ball explodes into a vile cloud!
The stinking cloud engulfs the white ugly thing but does no damage.
The white ugly thing is heavily wounded.
The white ugly thing is engulfed in noxious fumes.
Unknown command.
Casting: Mephitic Cloud (safe; 1% risk of failure)
Confirm with . or Enter, or press ? or * to list all spells.
You miscast Blink.
Nothing appears to happen.
The white ugly thing is engulfed in blazing flames.
The white ugly thing gores you!
* * * LOW HITPOINT WARNING * * *
The white ugly thing freezes you!!
You die...

####+####
#....?..#
#.......#
#.......+
#.......#
#...@...#
####u####
#○# #§#
#○# #.#
#.# #.#
#.#


You could see a white ugly thing.

Vanquished Creatures
  2 two-headed ogres
  Pikel (D:7)
  An ugly thing (D:11)
  Psyche (D:9)
  A centaur skeleton (D:10)
  2 trolls
  Prince Ribbit (D:6)
  A wyvern (D:8)
  2 hungry ghosts (D:10)
  12 yaks
  3 wargs (D:8)
  An acid dragon (D:11)
  2 water moccasins
  An ice beast (D:8)
  Duvessa (D:7)
  7 orc warriors
  A sky beast (D:11)
  2 black bears (D:10)
  2 slaves (D:7)
  4 ogres
  A necrophage (D:10)
  5 centaurs
  Blork the orc (D:6)
  6 bullfrogs
  A gnoll sergeant (D:8)
  A wyvern skeleton (D:11)
  Dowan (D:7)
  2 scorpions
  6 wights
  15 killer bees
  4 howler monkeys
  An electric eel (D:11)
  2 crimson imps
  3 hounds
  11 orc priests
  4 bullfrog skeletons
  15 orc wizards
  A gnoll shaman (D:8)
  3 iguanas
  9 worker ants
  A hound zombie (D:8)
  A worker ant zombie (D:10)
  7 gnolls (D:8)
  15 adders
  A howler monkey skeleton (D:8)
  2 river rats
  4 shadow imps
  An ooze (D:1)
  2 adder skeletons
  6 worms
  4 dart slugs (D:1)
  6 leopard geckos
  37 orcs
  6 giant cockroaches
  8 goblins
  5 hobgoblins
  15 jackals
  3 quokkas
  4 ball pythons
  17 bats
  10 frilled lizards
  4 kobolds
  A quokka zombie (D:9)
  9 rats
309 creatures vanquished.

Vanquished Creatures (collateral kills)
  A killer bee (D:10)
  A quasit (D:9)
  An orc priest (D:11)
  Crazy Yiuf (D:4)
  A worker ant zombie (D:9)
5 creatures vanquished.

Vanquished Creatures (others)
  A killer bee (D:9)
  An electric eel (D:11)
  190 foxfires
192 creatures vanquished.

Grand Total: 506 creatures vanquished

Notes
Turn   | Place    | Note
-------+----------+-------------------------------------------
     0 | D:1      | pokeman the Deep Elf Wizard began the quest for the Orb.
     0 | D:1      | Reached XP level 1. HP: 10/10 MP: 7/7
     1 | D:1      | Found a snail-covered altar of Cheibriados.
   319 | D:1      | Reached XP level 2. HP: 16/16 MP: 5/9
   674 | D:1      | Reached skill level 5 in Spellcasting
   835 | D:1      | Reached XP level 3. HP: 20/20 MP: 9/11
   840 | D:1      | Learned a level 3 spell: Mephitic Cloud
   843 | D:1      | Learned a level 2 spell: Call Imp
   846 | D:1      | Learned a level 2 spell: Blink
   850 | D:1      | Learned a level 3 spell: Conjure Flame
  1330 | D:2      | Reached skill level 1 in Fighting
  1415 | D:2      | Found a faded altar of an unknown god.
  1620 | D:2      | Reached skill level 1 in Armour
  1824 | D:2      | Reached XP level 4. HP: 25/25 MP: 5/13
  2447 | D:3      | Reached skill level 1 in Air Magic
  2461 | D:3      | Found a stormy altar of Qazlal.
  2463 | D:3      | Noticed a water elemental
  2464 | D:3      | Noticed an air elemental
  2464 | D:3      | Noticed an earth elemental
  2464 | D:3      | Noticed a fire elemental
  2668 | D:3      | Reached skill level 1 in Fire Magic
  2707 | D:3      | Found a glowing drain.
  2749 | Sewer    | Entered a sewer
  2888 | Sewer    | Reached skill level 6 in Spellcasting
  2966 | Sewer    | Reached XP level 5. HP: 29/29 MP: 11/15
  3639 | D:3      | Noticed an ogre
  3657 | D:3      | Killed an ogre
  3657 | D:3      | Reached skill level 1 in Poison Magic
  3969 | D:3      | Reached XP level 6. HP: 34/34 MP: 7/17
  4443 | D:4      | Reached skill level 7 in Spellcasting
  4808 | D:4      | Got an iridescent rapier
  4809 | D:4      | Lost strength.
  4809 | D:4      | Identified the +3 rapier of Soisim {freeze, +Blink rF+
                  | Str-4 Dex+2} (You found it on level 4 of the Dungeon)
  5004 | D:4      | Found a shimmering blue altar of Sif Muna.
  5112 | D:4      | Found a sparkling altar of Nemelex Xobeh.
  5384 | D:4      | Found a runed translucent door.
  5385 | D:4      | Noticed Crazy Yiuf
  5404 | D:4      | Killed Crazy Yiuf
  5575 | D:5      | Entered Level 5 of the Dungeon
  5583 | D:5      | Found an opulent altar of Gozag.
  5586 | D:5      | Found a hazy altar of Hepliaklqana.
  5700 | D:5      | Reached XP level 7. HP: 38/38 MP: 12/20
  5940 | D:5      | Found an ancient bone altar of Kikubaaqudgha.
  5965 | D:5      | Reached skill level 8 in Spellcasting
  6108 | D:5      | Found a snail-covered altar of Cheibriados.
  6170 | D:6      | Noticed Blork the orc
  6182 | D:6      | Killed Blork the orc
  6849 | D:6      | Reached XP level 8. HP: 44/44 MP: 6/22
  6989 | D:6      | Reached skill level 9 in Spellcasting
  7170 | D:6      | Noticed Prince Ribbit
  7178 | D:6      | Killed Prince Ribbit
  7312 | D:6      | Found a staircase to the Ecumenical Temple.
  7323 | Temple   | Entered the Ecumenical Temple
  7331 | Temple   | Became a worshipper of Vehumet
  7707 | D:7      | Noticed Pikel
  7725 | D:7      | Reached skill level 5 in Conjurations
  7732 | D:7      | Killed Pikel
  7732 | D:7      | Reached skill level 10 in Spellcasting
  7732 | D:7      | Reached skill level 1 in Evocations
  7969 | D:7      | Noticed Duvessa
  7993 | D:7      | Noticed Dowan
  8002 | D:7      | Killed Dowan
  8011 | D:7      | Killed Duvessa
  8287 | D:8      | Found a transporter.
  8323 | D:8      | Reached XP level 9. HP: 48/48 MP: 19/25
  8480 | D:8      | Found a transporter.
  8510 | D:8      | Reached skill level 11 in Spellcasting
  8510 | D:8      | Reached skill level 5 in Fire Magic
  8517 | D:8      | Noticed tsbored's ghost (novice TrHu)
  8841 | D:8      | Reached * piety under Vehumet
  8841 | D:8      | Offered knowledge of Freeze by Vehumet.
 10316 | D:8      | Found a staircase to the Lair.
 10374 | D:8      | Found a burning altar of Makhleb.
 10463 | D:8      | Noticed a two-headed ogre
 10509 | D:8      | Killed a two-headed ogre
 10509 | D:8      | Reached skill level 12 in Spellcasting
 10661 | D:8      | Reached XP level 10. HP: 43/56 MP: 22/28
 11436 | D:9      | Noticed Psyche
 11447 | D:9      | Killed Psyche
 11602 | D:9      | Found a hide-covered altar of Uskayaw.
 11609 | D:9      | Reached skill level 13 in Spellcasting
 11843 | D:9      | Got a jewelled ring mail
 12054 | D:9      | Reached ** piety under Vehumet
 12054 | D:9      | Offered knowledge of Foxfire by Vehumet.
 12063 | D:9      | Learned a level 1 spell: Foxfire
 12574 | D:10     | Entered Level 10 of the Dungeon
 12944 | D:10     | Found Pugiafis's General Store.
 13039 | D:10     | Offered knowledge of Inner Flame by Vehumet.
 13071 | D:10     | Reached XP level 11. HP: 54/61 MP: 24/30
 13354 | D:10     | Reached skill level 14 in Spellcasting
 13861 | D:11     | Reached *** piety under Vehumet
 14055 | D:11     | Offered knowledge of Iskenderun's Mystic Blast by Vehumet.
 14180 | Temple   | Identified the +1 ring mail of Ywoalosa {+Fly Str+5 Dex-5}
                  | (You found it on level 9 of the Dungeon)
 14402 | D:11     | Noticed a cyan ugly thing
 14427 | D:11     | Killed a cyan ugly thing
 14487 | D:11     | Found Gaumeipp's Distillery.
 14695 | D:11     | Found Lonibug's Magic Scroll Shoppe.
 14712 | D:11     | Bought a scroll of random uselessness for 14 gold pieces
 14919 | D:11     | Reached **** piety under Vehumet
 14932 | D:11     | Found a staircase to the Orcish Mines.
 15249 | D:11     | Noticed a two-headed ogre
 15260 | D:11     | Killed a two-headed ogre
 15268 | D:11     | Offered knowledge of Hailstorm by Vehumet.
 15433 | D:11     | Found Riudix's General Store.
 15441 | D:11     | Bought a scroll of magic mapping for 52 gold pieces
 15550 | D:12     | Noticed a white ugly thing
 15571 | D:12     | Slain by a white ugly thing

Illustrated notes

Levels and vault maps discovered:
D:1:      sevenhm_arrival_forest_fort_small_6, layout_basic
D:2:      layout_basic, chequers_ecumenical_altar_simple
D:3:      layout_loops_ring, nicolae_qazlal_style_of_elements,
          gup_sewer_entry_spiral, first_ration
D:4:      layout_loops_cross, led_sif_pool, nemelex_xobeh_ov_fountains_minmay,
          minmay_misc_feat_nine_boxes, uniq_crazy_yiuf_cottage
D:5:      layout_basic, lemuel_round_altar, nicolae_overflow_hidden_temple
D:6:      layout_layer_cave, minmay_temple_entry_sparse_star,
          uniq_blork_the_orc, uniq_prince_ribbit1
D:7:      layout_basic, uniq_duvessa, uniq_pikel
D:8:      layout_layer_cave, erik_lair_orcish_takeover, gammafunk_ghost_arena,
          bloody_makhleb
D:9:      layout_loops_ring, basic_altar, uniq_psyche
D:10:     layout_basic, serial_shops, nicolae_shop_trees
D:11:     layout_loops_ring, erik_orc_2, serial_shops, nicolae_shop_crystal,
          shop_coins, shop_statue
D:12:     layout_roguey
Temple:   dpeg_chambers_temple

Skill      XL: |  1  2  3  4  5  6  7  8  9 10 11 |
---------------+----------------------------------+-----
Spellcasting   | 5 6 7 8 10 12 13 14 | 14.9
Fighting       | 1 2 3 4 |  4.0
Armour         | 1 2 3 4 |  4.9
Conjurations   | 2 3 4 5 7 8 9 |  9.0
Air Magic      | 1 |  1.0
Fire Magic     | 1 3 4 6 7 8 |  8.4
Dodging        | 3 |  3.0
Poison Magic   | 1 2 |  2.0
Stealth        | 3 |  3.0
Evocations     | 2 |  2.0
Summonings     | |  1.1
Translocations | |  1.1

Action                   |  1- 3 |  4- 6 |  7- 9 | 10-12 || total
-------------------------+-------+-------+-------+-------++-------
Melee: Unarmed           |       |     4 |       |       ||     4
       Quarterstaff      |       |       |    92 |    78 ||   170
       Dagger            |       |       |       |    59 ||    59
 Cast: Magic Dart        |   113 |   225 |   224 |   112 ||   674
       Mephitic Cloud    |       |     2 |    27 |    48 ||    77
       Call Imp          |       |     2 |     8 |     5 ||    15
       Conjure Flame     |       |     1 |    19 |    26 ||    46
       Blink             |       |       |     5 |    15 ||    20
       Foxfire           |       |       |       |   103 ||   103
 Abil: Evoke Flight      |       |       |       |     1 ||     1
Evoke: Wand              |       |       |     1 |       ||     1
  Use: Scroll            |       |       |     5 |     9 ||    14
 Stab: Confused          |       |       |    14 |     9 ||    23
       Paralysed         |       |       |     1 |       ||     1
       Sleeping          |       |       |       |     1 ||     1
  Eat: Chunk             |     3 |    11 |    12 |    16 ||    42
       Ration            |       |       |     1 |       ||     1
Armor: Robe              |     4 |     4 |       |       ||     8
       Leather armour    |       |     1 |    10 |    27 ||    38
       Troll leather arm |       |       |       |    14 ||    14
Dodge: Dodged            |    12 |    60 |    83 |   133 ||   288
